Map: Forgotten Sanctuary

Players

Ebiru - Winner!

  • Race: Protoss Protoss
  • Spawn Location: 3:00

Aelohz - Winner!

  • Race: Terran Terran
  • Spawn Location: 3:00

Nanook - Winner!

  • Race: Zerg Zerg
  • League: Platinum
  • Spawn Location: 6:00

zzerg - Winner!

  • Race: Protoss Protoss
  • Spawn Location: 6:00

TEAMKILLER

  • Race: Protoss Protoss
  • Spawn Location: 9:00

WRsMyAVOCADO

  • Race: Protoss Protoss
  • Spawn Location: 9:00

NewStyle

  • Race: Zerg Zerg
  • Spawn Location: 12:00

Infamous

  • Race: Protoss Protoss
  • League: Gold
  • Spawn Location: 12:00

VOD

Have the link to the VOD?

Description

Time

  • Played on: April 19, 2018, 9:16 a.m.
  • Length: 11:56
Show
View Real Time Build Order
Export as new Build Order

Ebiru Protoss - Winner!

Build Orders:  

Get SALT Encoding   

  12  2:53  Probe  
  13  3:04  Probe  
  14  3:11  Pylon  
  14  3:12  Probe  
  14  3:13  Pylon  
  15  3:26  Assimilator  
  15  3:27  Probe  
  15  3:30  Assimilator  
  16  3:35  Forge  
  16  3:36  Nexus  
  16  3:37  Gateway  
  16  3:39  Probe  
  17  3:51  Probe  
  17  3:53  Pylon  
  18  4:03  Probe  
  19  4:15  Probe  
  19  4:16  Photon Cannon  
  20  4:20  Photon Cannon  
  20  4:24  Cybernetics Core  
  20  4:27  Probe  
  21  4:39  Probe  
  22  4:55  Gateway  
  22  4:57  Gateway  
  22  4:59  Probe, Gateway  
  23  5:11  Probe  
  24  5:23  Probe  
  24  5:24  Photon Cannon  
  24  5:25  Shield Battery  
  25  5:31  Pylon  
  25  5:32  Probe  
  25  5:40  Probe  
  25  5:41  Assimilator  
  26  5:46  Assimilator  
  27  5:50  Probe  
  27  5:55  Photon Cannon  
  28  6:00  Probe  
  29  6:04  Photon Cannon  
  29  6:08  Probe  
  29  6:16  Probe  
  29  6:17  Warp Gate  
  31  6:28  Probe  
  32  6:35  Protoss Ground Weapons Level 1  
  32  6:39  Twilight Council  
  32  6:40  Probe  
  33  6:52  Probe  
  34  7:04  Probe  
  34  7:08  Stalker x4, Blink  
  43  7:16  Probe  
  43  7:17  Dark Shrine  
  44  7:29  Probe  
  45  7:30  Pylon  
  45  7:32  Pylon  
  45  7:35  Pylon  
  45  7:41  Probe  
  45  7:42  Pylon  
  46  7:46  Pylon  
  46  7:53  Probe  
  47  8:02  Nexus  
  47  8:05  Probe  
  48  8:08  Stalker x3  
  48  8:31  Protoss Ground Weapons Level 2  
  48  8:47  Dark Templar x2  
  48  8:48  Dark Templar x2  
  54  9:19  Gateway  
  54  9:20  Dark Templar x2  
  54  9:21  Gateway  
  54  9:22  Stalker x2  
  62  9:25  Gateway  
  62  9:26  Probe  
  63  9:34  Probe  
  64  9:44  Probe, Pylon  
  64  9:45  Pylon  
  64  9:47  Pylon x2  
  64  9:50  Pylon  
  65  9:56  Probe  
  58  10:08  Probe  
  45  10:26  Probe  
  46  10:29  Assimilator  
  46  10:31  Stalker x3  
  46  10:32  Stalker x3  
  46  10:33  Stalker  
  46  10:34  Assimilator  
  60  10:38  Probe  
  61  10:50  Probe  
  61  10:55  Dark Templar  
  61  10:56  Dark Templar x4  
  72  10:57  Dark Templar x2  
  72  11:02  Probe  
Show
View Real Time Build Order
Export as new Build Order

Aelohz Terran - Winner!

Build Orders:  

Get SALT Encoding   

  12  0:12  SCV  
  13  0:24  SCV  
  14  0:38  Supply Depot  
  14  0:47  Refinery  
  14  0:49  SCV  
  15  1:01  SCV  
  15  1:02  Barracks  
  16  1:45  Refinery  
  16  1:49  Supply Depot  
  16  1:52  Marine  
  17  2:09  Marine  
  17  2:12  Supply Depot  
  17  2:48  Marine  
  18  3:06  Marine  
  19  3:24  Marine  
  20  3:41  Marine  
  20  3:44  Barracks  
  21  3:59  Marine  
  22  4:17  Marine  
  23  4:30  Factory  
  23  4:35  Marine  
  24  4:43  Engineering Bay  
  24  4:49  Barracks Tech Lab  
  24  4:53  Marine  
  25  5:11  Marine  
  25  5:46  Supply Depot x2  
  25  6:00  Factory Tech Lab  
  25  6:04  Concussive Shells  
  25  6:43  Siege Tank  
  27  7:05  Marine, Marauder  
  33  7:15  Siege Tank  
  33  7:23  Marine  
  33  7:26  Marauder  
  36  7:40  Marine  
  37  7:48  Combat Shields, Marauder  
  39  8:02  Supply Depot  
  39  8:10  Marine  
  39  8:12  Marauder  
  37  8:13  Siege Tank  
  35  8:33  Marauder  
  37  8:38  Supply Depot  
  37  8:45  Siege Tank  
  26  9:00  Marine  
  26  9:01  Supply Depot  
  27  9:04  Marauder  
  29  9:17  Siege Tank  
  29  9:18  Marine  
  33  9:25  Marauder  
  35  9:36  Marine  
  36  9:46  Marine  
  36  9:49  SCV  
  38  9:54  Marine  
  39  10:01  SCV  
  39  10:04  Marine  
  41  10:12  Marine  
  42  10:21  Marine  
  43  11:10  Marine, Marauder  
  46  11:15  Cyclone  
  46  11:28  Marine  
  46  11:32  Marauder  
Show
View Real Time Build Order
Export as new Build Order

Nanook Zerg - Winner!

Build Orders: Hatch First, Ravager All-In 

Get SALT Encoding   

  12  0:02  Drone  
  13  0:20  Overlord  
  13  0:32  Drone  
  14  0:42  Drone x2  
  16  0:54  Drone x2  
  18  1:03  Hatchery  
  17  1:07  Drone  
  17  1:08  Extractor  
  17  1:32  Drone x2, Spawning Pool  
  18  2:24  Roach Warren  
  17  2:33  Extractor, Queen  
  17  2:34  Drone x5  
  17  2:35  Queen  
  25  3:04  Roach  
  27  3:06  Overlord  
  27  3:07  Overlord x2  
  27  3:21  Drone, Extractor  
  27  3:22  Drone  
  27  3:26  Roach x2  
  32  3:32  Roach x2  
  36  3:35  Ravager  
  35  3:55  Ravager  
  35  3:56  Ravager  
  36  4:09  Ravager x2  
  38  4:13  Drone x2  
  38  4:14  Drone x2  
  38  4:15  Overlord x2  
  42  4:39  Roach  
  42  4:40  Roach x5  
  54  5:03  Lair  
  54  5:05  Spore Crawler  
  53  5:08  Ravager  
  53  5:09  Ravager x4  
  58  5:32  Ravager  
  59  7:09  Hydralisk Den  
  59  7:10  Drone x2  
  59  7:11  Drone x6, Evolution Chamber  
  59  7:12  Drone x3  
  59  7:13  Evolution Chamber, Overlord x4  
  67  7:29  Hatchery  
  66  7:34  Drone  
  66  7:35  Drone x5  
  72  7:40  Zerg Missile Weapons Level 1, Grooved Spines  
  72  7:41  Zerg Ground Armor Level 1  
  59  8:27  Roach x5  
  59  8:28  Roach x7  
  81  8:37  Glial Reconstitution  
  81  8:58  Queen  
  83  9:06  Drone x7  
  83  9:07  Drone x5  
  83  9:08  Drone x4  
  99  9:16  Spore Crawler  
  98  9:17  Spine Crawler  
  98  9:18  Spine Crawler  
  96  9:26  Ravager x5  
  96  9:27  Ravager x5  
  96  9:29  Overlord x3  
  106  9:39  Hatchery  
  105  9:48  Queen  
  107  9:55  Ravager  
  93  10:15  Hydralisk x5  
  93  10:16  Hydralisk x7  
  93  10:17  Hydralisk x3  
  123  10:40  Hydralisk x2  
  123  10:41  Hydralisk  
  129  11:13  Extractor  
  129  11:16  Queen  
Show
View Real Time Build Order
Export as new Build Order

zzerg Protoss - Winner!

Build Orders:  

Get SALT Encoding   

  12  0:01  Probe  
  13  0:13  Probe  
  14  0:25  Pylon  
  14  0:26  Probe  
  15  0:37  Assimilator  
  15  0:44  Gateway  
  15  0:48  Probe  
  16  1:01  Probe  
  17  1:13  Probe  
  18  1:21  Pylon  
  18  1:25  Probe  
  19  1:33  Cybernetics Core  
  19  1:36  Assimilator  
  19  1:37  Probe  
  19  1:38  Zealot  
  22  2:01  Probe  
  23  2:13  Stargate  
  23  2:16  Probe  
  24  2:31  Nexus  
  24  2:33  Probe  
  25  2:56  Void Ray  
  25  3:10  Protoss Air Weapons Level 1  
  25  3:12  Probe  
  30  3:14  Pylon  
  30  3:18  Assimilator  
  30  3:19  Assimilator  
  28  3:24  Probe  
  29  3:36  Forge  
  29  3:42  Void Ray  
  33  4:25  Void Ray  
  37  4:33  Photon Cannon  
  37  4:34  Stargate  
  37  4:35  Pylon  
  37  5:03  Probe  
  38  5:15  Probe  
  38  5:18  Void Ray x2  
  47  5:27  Probe  
  48  5:39  Probe  
  49  5:48  Probe  
  49  5:54  Probe  
  49  5:56  Probe  
  51  5:57  Void Ray x2  
  51  6:01  Protoss Air Armor Level 1  
  60  6:22  Probe  
  60  6:25  Pylon  
  60  6:30  Probe  
  62  6:41  Probe  
  63  6:53  Probe  
  64  7:05  Probe  
  65  7:08  Zealot  
  67  7:19  Pylon  
  67  7:21  Pylon, Photon Cannon  
  67  7:37  Void Ray x2  
  75  8:23  Warp Gate  
  75  8:27  Gateway  
  75  8:29  Gateway  
  75  8:31  Pylon  
  75  8:37  Fleet Beacon  
  75  8:43  Twilight Council, Stargate  
  75  8:44  Pylon  
  75  8:50  Forge  
  75  9:05  Probe  
  76  9:12  Pylon  
  76  9:13  Probe, Gateway  
  76  9:23  Probe  
  77  9:26  Pylon  
  77  9:27  Gateway  
  77  9:29  Forge  
  78  9:35  Probe  
  79  9:45  Nexus  
  79  9:48  Pylon x2  
  79  9:50  Pylon  
  79  9:55  Protoss Ground Weapons Level 1  
  79  9:56  Protoss Ground Armor Level 1  
  79  10:00  Forge  
  79  10:13  Charge  
  79  10:14  Pylon, Cybernetics Core  
  79  10:40  Nexus  
  79  10:52  Anion Pulse-Crystals  
  79  11:44  Dark Shrine  
Show
View Real Time Build Order
Export as new Build Order

TEAMKILLER Protoss 

Build Orders:  

Get SALT Encoding   

  12  0:01  Probe  
  13  0:20  Pylon  
  13  0:22  Probe  
  14  0:34  Probe  
  15  0:39  Assimilator  
  15  0:43  Probe, Gateway  
  16  0:51  Probe  
  17  1:00  Probe  
  18  1:06  Assimilator  
  18  1:08  Probe  
  18  1:16  Pylon, Probe  
  20  1:28  Probe  
  20  1:32  Cybernetics Core  
  21  1:40  Probe  
  22  1:50  Gateway  
  22  1:52  Probe  
  23  2:01  Probe  
  24  2:09  Probe, Stalker  
  24  2:13  Warp Gate  
  27  2:27  Robotics Facility  
  27  2:31  Probe  
  28  2:43  Twilight Council  
  28  2:46  Pylon  
  26  3:43  Gateway  
  26  3:47  Gateway  
Show
View Real Time Build Order
Export as new Build Order

WRsMyAVOCADO Protoss 

Build Orders: Cannon Rush 

Get SALT Encoding   

  1  0:00  Probe  
  13  0:25  Pylon  
  13  0:29  Probe  
  14  0:41  Probe  
  15  0:46  Pylon, Forge  
  15  0:53  Probe  
  16  1:14  Pylon  
  16  1:26  Pylon  
  16  1:39  Photon Cannon  
  16  1:42  Photon Cannon  
  16  1:52  Photon Cannon  
  16  1:58  Pylon  
  16  2:05  Photon Cannon  
  16  2:13  Photon Cannon  
  16  2:22  Photon Cannon  
  16  2:34  Pylon  
  16  2:41  Pylon  
  16  2:47  Pylon  
  9  3:19  Photon Cannon  
  9  3:24  Photon Cannon  
  9  4:06  Photon Cannon  
  9  4:11  Photon Cannon  
  9  4:20  Gateway  
  8  4:44  Nexus  
  7  4:56  Pylon  
  7  5:01  Probe  
  8  5:13  Probe  
  9  5:28  Photon Cannon, Zealot  
  3  6:17  Probe  
  2  6:46  Probe  
Show
View Real Time Build Order
Export as new Build Order

NewStyle Zerg 

Build Orders: Pool First 

Get SALT Encoding   

  12  0:09  Drone  
  12  0:10  Drone  
  14  0:46  Overlord  
  14  0:52  Spawning Pool  
  13  1:26  Drone  
  13  1:30  Hatchery  
  13  1:34  Drone x2  
  15  1:46  Drone  
  16  2:12  Drone  
  16  2:14  Extractor  
  16  2:17  Extractor  
  15  2:26  Overlord  
  15  2:29  Drone x2  
  17  2:38  Hatchery  
  16  2:44  Drone x2  
  18  3:01  Drone x2  
  18  3:02  Drone  
  21  3:18  Lair  
  21  3:20  Queen  
  23  3:29  Drone x2  
  25  3:36  Drone x2  
  27  3:42  Drone  
  27  3:43  Drone  
  29  3:53  Overlord  
  29  4:05  Queen  
  31  4:12  Overlord  
  31  4:26  Spire  
  31  4:28  Drone x2  
  31  4:29  Drone, Hydralisk Den  
  32  4:37  Drone x5  
  32  4:38  Drone x2  
  39  4:39  Drone x2  
  41  5:04  Hydralisk  
  41  5:05  Hydralisk x4  
  51  5:07  Hatchery  
  51  5:13  Grooved Spines  
  50  5:18  Drone x5  
  55  5:23  Hydralisk  
  57  5:32  Overlord  
  57  5:45  Overlord x2  
  57  5:56  Drone x2  
  59  5:58  Drone x4  
  59  5:59  Drone, Overlord x3  
  64  6:13  Evolution Chamber  
  64  6:16  Evolution Chamber  
  62  6:18  Hydralisk x3, Overlord  
  62  6:19  Hydralisk x2  
  62  6:23  Queen  
  74  6:34  Overseer  
  74  6:37  Overseer  
  74  6:39  Hydralisk x2  
  74  6:40  Hydralisk x3  
  74  6:41  Drone  
  74  6:42  Drone  
  86  6:52  Extractor  
  86  6:53  Extractor  
  84  6:54  Extractor  
  84  6:55  Extractor  
  82  7:02  Hydralisk x6  
  94  7:12  Zerg Missile Weapons Level 1  
  94  7:41  Zerg Ground Armor Level 1  
  94  7:42  Hydralisk x2  
  98  7:48  Hydralisk  
  96  8:03  Drone  
  96  8:04  Drone x13, Overlord x4  
  96  8:05  Overlord x3  
  88  8:18  Hydralisk x4  
  80  8:27  Hydralisk x4  
  80  8:44  Hydralisk x4  
  88  8:53  Hydralisk  
  88  8:54  Hydralisk x3  
  96  9:26  Hatchery  
  96  9:30  Hydralisk x10, Overlord  
  115  9:51  Drone x9  
  122  9:56  Overseer x6  
  104  10:00  Overseer  
  104  10:02  Hydralisk x2  
  84  10:27  Hydralisk x3  
  84  10:28  Hydralisk  
  72  10:45  Drone x4  
  58  11:08  Hydralisk x3  
  58  11:09  Hydralisk x2  
  68  11:14  Hatchery  
Show
View Real Time Build Order
Export as new Build Order

Infamous Protoss 

Build Orders: 1 Gate Expand, Double Forge, Zealot Archon 

Get SALT Encoding   

  12  0:01  Probe  
  13  0:14  Pylon  
  13  0:15  Probe  
  14  0:35  Gateway  
  14  0:37  Probe  
  15  0:49  Probe  
  16  1:02  Probe  
  17  1:05  Assimilator  
  17  1:16  Probe  
  18  1:35  Nexus  
  18  1:46  Cybernetics Core  
  17  2:14  Stalker, Assimilator  
  17  2:23  Warp Gate  
  17  2:29  Pylon  
  19  2:34  Probe  
  19  2:36  Pylon  
  20  2:40  Stalker  
  20  2:42  Probe  
  20  2:51  Probe  
  24  2:54  Probe  
  25  3:03  Probe  
  26  3:06  Probe  
  26  3:11  Robotics Facility  
  27  3:22  Probe  
  28  3:29  Pylon  
  28  3:42  Twilight Council  
  28  3:50  Probe x2  
  31  4:02  Probe  
  31  4:03  Probe  
  31  4:04  Observer  
  33  4:24  Probe x2  
  35  4:31  Templar Archives  
  35  4:36  Probe, Assimilator  
  36  4:40  Assimilator  
  36  4:43  Pylon  
  36  4:45  Pylon  
  36  4:50  Shield Battery  
  36  4:54  Forge  
  36  4:57  Forge  
  36  5:10  Protoss Ground Weapons Level 1  
  36  5:20  Probe x2  
  38  5:21  Protoss Ground Armor Level 1  
  38  5:32  Probe  
  39  5:41  Blink  
  39  5:42  Psionic Storm  
  39  5:43  Probe  
  39  5:44  Probe  
  39  5:45  Gateway x2  
  39  5:48  Gateway  
  41  5:53  Gateway, Shield Battery  
  41  5:55  Probe, Gateway, Photon Cannon  
  41  5:56  Probe  
  43  6:00  Pylon  
  43  6:31  Immortal  
  43  7:05  Immortal  
  42  7:10  High Templar x3  
  42  7:11  High Templar x3  
  58  7:19  Archon x3  
  58  7:28  Probe x2  
  60  7:32  Robotics Facility  
  60  7:34  Photon Cannon  
  60  7:35  Pylon  
  60  7:40  Probe x2, Photon Cannon  
  60  7:43  Photon Cannon  
  57  7:52  Probe  
  52  8:10  High Templar x3  
  57  8:28  Photon Cannon  
  57  8:29  Pylon, Shield Battery  
  57  8:32  Immortal  
  61  8:37  Photon Cannon  
  57  9:09  Probe  
  59  9:10  Probe  
  59  9:14  Pylon  
  59  9:18  Pylon  
  59  9:21  Probe  
  60  9:28  Photon Cannon  
  60  9:31  Photon Cannon  
  60  9:32  Photon Cannon, High Templar  
  60  9:35  Shield Battery  
  62  9:39  Immortal  
  62  9:42  Archon x2  
  66  10:04  High Templar  
  66  10:05  High Templar  
  45  10:19  High Templar  
  47  10:28  Immortal  
  51  10:55  High Templar x2  
  55  10:58  Zealot  
  57  11:08  Archon  
  57  11:12  Immortal  
  57  11:17  Archon  
  61  11:20  High Templar  
Tags
 
Add a new tag
Caveats
  • Supply blocks, unpowered buildings, or Contaminate may cause inaccurate times.
  • Supply counts are checked every 10 seconds.